 Dungeon Crawl Stone Soup version 0.29-a0-330-g52719c12eb (webtiles) character file.

Game seed: 12687153910466777629

1396 kae the Firebug (level 8, 0/52 HPs)
             Began as an Octopode Fire Elementalist on Apr 18, 2022.
             Succumbed to a water moccasin's poison
             ... on level 6 of the Dungeon.
             The game lasted 00:04:35 (8392 turns).

kae the Firebug (Octopode Fire Elementalist)        Turns: 8392, Time: 00:04:36

Health: 0/52       AC:  1    Str:  9    XL:     8   Next: 68%
Magic:  15/22      EV: 14    Int: 20    God:
Gold:   276        SH:  0    Dex: 12    Spells: 5/14 levels left

rFire   + . .      SeeInvis .   m - +0 dagger (venom)
rCold   . . .      Faith    .   (no shield)
rNeg    . . .      Spirit   .   (helmet restricted)
rPois   .          Reflect  .   q - amulet of magic regeneration
rElec   .          Harm     .   e - +6 ring of strength
rCorr   .          Rampage  .   k - ring of magical power
Will    .....                   b - ring of protection from fire
Stlth   ++++......              (no ring)
HPRegen 0.17/turn               (no ring)
MPRegen 0.58/turn               (no ring)
                                (no ring)
                                (no ring)

@: lethally poisoned (0 -> -43)
A: almost no armour, amphibious, 8 rings, camouflage 1, gelatinous body 1,
(nimble swimmer 1), tentacles, weak 2
a: no special abilities


You were on level 6 of the Dungeon.
You visited 2 branches of the dungeon, and saw 7 of its levels.

You collected 276 gold pieces.

Inventory:

Hand Weapons
 m - a +0 dagger of venom (weapon)
 p - a +5 short sword
Missiles
 v - a throwing net
Jewellery
 b - a ring of protection from fire (on tentacle)
 e - a +6 ring of strength (left tentacle)
 k - a ring of magical power (right tentacle)
 q - an amulet of magic regeneration (around mantle)
 u - a ring of positive energy
Wands
 h - a wand of flame (6)
 i - a wand of acid (9)
 t - a wand of iceblast (4)
Scrolls
 f - 4 scrolls of teleportation
 l - 2 scrolls of enchant weapon {unknown}
 r - 2 scrolls of identify
 s - 2 scrolls of amnesia
 w - a scroll of fog
Potions
 a - a potion of magic
 c - a potion of brilliance
 d - a potion of curing
 g - a potion of mutation
 j - 4 potions of heal wounds {unknown}
 n - a potion of degeneration {unknown}
 o - a potion of cancellation {unknown}


   Skills:
 + Level 3.5 Fighting
 + Level 4.3 Dodging
 + Level 6.3 Stealth
 + Level 3.9 Spellcasting
 + Level 3.8 Conjurations
 * Level 6.3 Fire Magic


You had 5 spell levels left.
You knew the following spells:

 Your Spells              Type           Power      Damage    Failure   Level
a - Foxfire               Conj/Fire      96%        2x1d8     1%          1
b - Scorch                Fire           58%        2d7       1%          2
c - Conjure Flame         Conj/Fire      24%        6-21      4%          3
d - Inner Flame           Hex/Fire       16%        N/A       11%         3

Your spell library contained the following spells:

 Spells                   Type           Power      Damage    Failure   Level
 Summon Small Mammal      Summ           12%        N/A       13%         1
 Flame Wave               Conj/Fire      24%        2d7       16%         4
 Call Canine Familiar     Summ           3%         N/A       36%         3
 Portal Projectile        Hex/Tloc       6%         N/A       36%         3
 Summon Guardian Golem    Hex/Summ       3%         N/A       36%         3
 Cause Fear               Hex            1%         N/A       78%         4
 Blade Hands              Tmut           1%         N/A       98%         5
 Excruciating Wounds      Necr           1%         N/A       98%         5
 Discord                  Hex            1%         N/A       100%        8


Dungeon Overview and Level Annotations

Branches:
Dungeon (6/15)             Temple (1/1) D:5

Altars:
Cheibriados
Dithmenos
Fedhas
Gozag
Hepliaklqana
Kikubaaqudgha
Makhleb
Nemelex Xobeh
Qazlal
Sif Muna
Uskayaw
Vehumet
Wu Jian
Xom
Yredelemnul

Annotations:
D:3 exclusion: goblin, Sigmund


Innate Abilities, Weirdness & Mutations

You cannot wear most types of armour.
You are amphibious.
You can wear up to eight rings at the same time.
Your skin changes colour to match your surroundings (Stealth+).
Your rubbery body absorbs attacks. (AC +1, EV +1)
((You are camouflaged when in or above water. (Stealth+)))
You have tentacles for arms and can constrict up to eight enemies at once.
You are very weak. (Str -4)


Message History

The water moccasin's fire resistance burns away.
The water moccasin bites you. The water moccasin misses you.
The water moccasin closely misses you.
Casting: Scorch (safe; 1% risk of failure)
Confirm with . or Enter, or press ? or * to list all spells.
Flames lash the scorpion.
The scorpion is moderately wounded.
The scorpion's fire resistance burns away.
The water moccasin misses you. The water moccasin barely misses you.
The water moccasin completely misses you.
Casting: Scorch (safe; 1% risk of failure)
Confirm with . or Enter, or press ? or * to list all spells.
Flames lash the water moccasin.
The water moccasin is burned terribly!
The water moccasin is almost dead.
The water moccasin bites you.
You are poisoned.
The water moccasin poisons you!
You feel very sick.
The scorpion is no longer more vulnerable to fire.
The water moccasin barely misses you.
Casting: Scorch (safe; 1% risk of failure)
Confirm with . or Enter, or press ? or * to list all spells.
Flames lash the scorpion.
The scorpion is moderately wounded.
The scorpion's fire resistance burns away.
You feel very sick. The water moccasin bites you. The water moccasin bites you!
You are lethally poisoned!
The water moccasin poisons you!
You feel very sick. The water moccasin bites you!
* * * LOW HITPOINT WARNING * * *
You are more poisoned.
The water moccasin poisons you!
Casting: Scorch (safe; 1% risk of failure)
Confirm with . or Enter, or press ? or * to list all spells.
Flames lash the scorpion.
The scorpion is burned terribly!
The scorpion is severely wounded.
You die...

##### #.#.##### # #.......# #
###.##### # ##'## . # ##...## S.
# ##.....## ###.. ## ##.......##
...
.####.........#############.####.
....+.........'.@Ss..............
.####.........####...######.####.
## ##......)## #...## .# #
##.....## #.### .# ###..<### #.#
.# ######.......# #.# .#
#.......#.##.# #.# ..
#.####..#.##.# #.# ##
........#.##.####.#


You could see a water moccasin (combustible) and a scorpion (combustible).

Vanquished Creatures
  Menkaure (D:5)
  A water moccasin (D:6)
  2 sky beasts
  2 phantoms (D:6)
  3 kobold brigands
  A bullfrog (D:6)
  2 scorpions (D:5)
  An orc priest (D:6)
  A hound (D:4)
  2 jellies (D:6)
  Terence (D:2)
  2 orc wizards (D:4)
  8 adders
  4 gnolls (D:4)
  A white imp (D:6)
  4 worms
  3 dart slugs
  14 orcs
  4 bats
  5 endoplasms
  4 giant cockroaches
  11 goblins
  10 hobgoblins
  10 quokkas
  7 ball pythons
  3 frilled lizards
  20 kobolds
  8 rats
135 creatures vanquished.

Vanquished Creatures (others)
  446 foxfires
446 creatures vanquished.

Grand Total: 581 creatures vanquished

Notes
Turn   | Place    | Note
-------+----------+-------------------------------------------
     0 | D:1      | kae the Octopode Fire Elementalist began the quest for the
                  | Orb.
     0 | D:1      | Reached XP level 1. HP: 11/11 MP: 3/3
   390 | D:1      | Reached XP level 2. HP: 17/17 MP: 1/5
   594 | D:1      | Learned a level 2 spell: Scorch
  1031 | D:1      | Reached XP level 3. HP: 21/22 MP: 4/6
  1035 | D:1      | Learned a level 3 spell: Conjure Flame
  2524 | D:3      | Noticed a sky beast
  2723 | D:3      | Reached XP level 4. HP: 27/27 MP: 7/7
  2751 | D:3      | Reached skill level 1 in Fighting
  3076 | D:3      | Noticed Terence
  3090 | D:2      | Killed Terence
  3428 | D:3      | Found a hazy altar of Hepliaklqana.
  3545 | D:3      | Noticed Sigmund
  3574 | D:3      | Killed a sky beast
  3575 | D:3      | Reached XP level 5. HP: 10/33 MP: 8/8
  4572 | D:4      | Reached XP level 6. HP: 39/39 MP: 10/10
  4666 | D:4      | Identified the +6 hand axe of the Hand {vorpal, rElec rC-
                  | Dex+4}
  4898 | D:4      | Found an ancient bone altar of Kikubaaqudgha.
  5047 | D:4      | Learned a level 3 spell: Inner Flame
  5164 | D:4      | Found a snail-covered altar of Cheibriados.
  5265 | D:5      | Entered Level 5 of the Dungeon
  5280 | D:5      | Reached XP level 7. HP: 27/45 MP: 11/11
  5443 | D:5      | Reached skill level 5 in Fire Magic
  5450 | D:5      | Noticed Menkaure
  5456 | D:5      | Gained mutation: You are weak. (Str -2) [potion of
                  | mutation]
  5456 | D:5      | Gained mutation: You are very weak. (Str -4) [potion of
                  | mutation]
  5458 | D:5      | Killed Menkaure
  5487 | D:5      | Reached skill level 5 in Stealth
  5846 | D:5      | Found an opulent altar of Gozag.
  6071 | D:5      | Found a staircase to the Ecumenical Temple.
  6147 | D:5      | Found a blossoming altar of Fedhas.
  6653 | Temple   | Entered the Ecumenical Temple
  7293 | D:6      | Reached XP level 8. HP: 38/52 MP: 13/13
  7937 | D:6      | Found a hide-covered altar of Uskayaw.
  8392 | D:6      | Succumbed to a water moccasin's poison

Illustrated notes

Levels and vault maps discovered:
D:1:      tarquinn_simple_flora_water_a, layout_loops_ring
D:2:      layout_rooms
D:3:      layout_basic, mainiacjoe_overflow_boulevard, hangedman_decor_points,
          minmay_ruptured, uniq_terence, uniq_sigmund
D:4:      layout_loops_ring, kennysheep_little_box,
          nicolae_kikubaaqudgha_miasma_corner
D:5:      layout_cave_pods, mainiacjoe_overflow_chevrons,
          nicolae_gozag_seed_capital, minmay_temple_entry_antechambers,
          uniq_menkaure
D:6:      layout_loops_corners, nicolae_uskayaw_dance_studio,
          grunt_ministairs_11, minmay_misc_feat_x, minmay_misc_feat_tiny,
          kennysheep_generic_room_4
Temple:   jpeg_temple_island

Skill      XL: |  1  2  3  4  5  6  7  8 |
---------------+-------------------------+-----
Stealth        | 3 4 5 6 |  6.3
Fighting       | 1 2 3 |  3.5
Fire Magic     | 4 5 6 |  6.3
Conjurations   | 2 3 |  3.8
Dodging        | 3 4 |  4.3
Spellcasting   | 3 |  3.9

Action                   |  1- 3 |  4- 6 |  7- 9 || total
-------------------------+-------+-------+-------++-------
Melee: Unarmed           |    22 |       |       ||    22
       Constrict         |    11 |     4 |     2 ||    17
       Tentacles         |     4 |     3 |     2 ||     9
       Dagger            |     6 |    13 |     3 ||    22
       Punch             |     2 |       |       ||     2
 Cast: Foxfire           |   101 |   104 |    62 ||   267
       Scorch            |     1 |    10 |    43 ||    54
       Conjure Flame     |       |     2 |     2 ||     4
  Use: Scroll            |     5 |     3 |       ||     8
       Potion            |       |     1 |     2 ||     3
 Stab: Sleeping          |       |     1 |       ||     1
Armor: Skin              |     3 |     6 |     1 ||    10
Dodge: Dodged            |    43 |    29 |    31 ||   103

Table legend: (Time is in decaauts)
 A = Elapsed time spent in this place.
 B = Non-inter-level travel time spent in this place.
 C = Inter-level travel time spent in this place.
 D = Time resting spent in this place.
 E = Time spent auto-exploring this place.
 F = Levels seen in this place.
 G = Mean time per level.
                   A        B        C        D        E       F      G
               +--------+--------+--------+--------+--------+-----+--------+
         Total |   8399 |   8131 |    268 |    717 |   6274 |   7 | 1199.9 |
       Dungeon |   7874 |   7644 |    230 |    717 |   5791 |   6 | 1312.3 |
        Temple |    524 |    487 |     37 |      0 |    483 |   1 |  524.0 |
               +--------+--------+--------+--------+--------+-----+--------+

Top non-repeatable levels by time:
     D:2: 1699 daAuts
     D:5: 1415 daAuts
     D:1: 1365 daAuts
     D:6: 1192 daAuts
     D:4: 1113 daAuts
     D:3: 1088 daAuts
  Temple: 524 daAuts
